 Dungeon Crawl Stone Soup version 0.29-a0-284-gf9362112df (webtiles) character file.

Game seed: 15911504299150984681

447 being54 the Covert (level 6, 0/30 HPs)
             Began as a Spriggan Brigand on Mar 16, 2022.
             Slain by Duvessa
             ... wielding a +0 short sword
              (8 damage)
             ... on level 4 of the Dungeon.
             The game lasted 00:11:07 (4649 turns).

being54 the Covert (Spriggan Brigand)               Turns: 4649, Time: 00:11:08

Health: 0/30       AC:  4    Str:  9    XL:     6   Next: 73%
Magic:  7/7        EV: 18    Int: 12    God:
Gold:   223        SH:  0    Dex: 17    Spells: 5/5 levels left

rFire   + . .      SeeInvis +   a - +2 dagger
rCold   . . .      Faith    .   (no shield)
rNeg    . . .      Spirit   .   o - +1 robe {Will+}
rPois   .          Reflect  .   (helmet restricted)
rElec   .          Harm     .   c - +0 cloak
rCorr   .          Rampage  .   (gloves unavailable)
Will    ++...                   (boots unavailable)
Stlth   +++++.....              (no amulet)
HPRegen 0.10/turn               l - ring of protection from fire
MPRegen 0.10/turn               (no ring)

@: very quick
A: very small, no large weapons, unfitting armour, see invisible, speed 3
a: no special abilities


You were on level 4 of the Dungeon.
You visited 1 branch of the dungeon, and saw 4 of its levels.

You collected 223 gold pieces.

Inventory:

Hand Weapons
 a - a +2 dagger (weapon)
 b - a +1 long sword of holy wrath
Missiles
 d - 11 poisoned darts (quivered)
 e - 3 curare-tipped darts
Armour
 c - a +0 cloak (worn)
 o - a +1 robe of willpower (worn)
Jewellery
 l - a ring of protection from fire (left hand)
Wands
 g - a wand of flame (26)
 i - a wand of paralysis (4)
Scrolls
 f - a scroll of immolation {unknown}
 k - a scroll of amnesia
 n - 2 scrolls of identify
Potions
 j - 4 potions of heal wounds {unknown}
 m - a potion of curing {unknown}


   Skills:
 + Level 2.3 Fighting
 + Level 4.1 Short Blades
 + Level 2.2 Throwing
 + Level 3.3 Dodging
 * Level 10.1 Stealth


You had 5 spell levels left.
You didn't know any spells.
Your spell library contained the following spells:

 Spells                   Type           Power      Damage    Failure   Level
 Animate Skeleton         Necr           0%         N/A       32%         1
 Apportation              Tloc           0%         N/A       32%         1
 Summon Small Mammal      Summ           0%         N/A       32%         1
 Blink                    Tloc           0%         N/A       45%         2
 Ensorcelled Hibernation  Hex/Ice        0%         N/A       45%         2
 Passwall                 Tmut/Erth      0%         N/A       45%         2
 Lesser Beckoning         Tloc           0%         N/A       69%         3
 Swiftness                Air            0%         N/A       69%         3
 Manifold Assault         Tloc           0%         N/A       100%        5


Dungeon Overview and Level Annotations

Branches:
Dungeon (4/15)
 Temple: D:4-7

Altars:
Ashenzari
Kikubaaqudgha

Shops:
D:2 :!*:

Annotations:
D:4 Dowan, Duvessa


Innate Abilities, Weirdness & Mutations

You are very small and have problems with some larger weapons.
You are too small for most types of armour.
You have supernaturally acute eyesight. (SInv)
You cover ground extremely quickly. (Speed+++)


Message History

You hit Dowan.
Dowan is heavily wounded.
The necrophage closely misses you.
Dowan mumbles some strange words.
Dowan blinks!
There is a stone staircase leading up here.
You climb upwards.
There is a stone staircase leading down here.
You start resting.
HP restored.
There is a stone staircase leading down here.
You climb downwards.
Level annotation: Dowan, Duvessa
There is a stone staircase leading up here.
Duvessa shouts!
You hit Duvessa but do no damage. Duvessa barely misses you.
You closely miss Duvessa. Duvessa hits you with a +0 short sword!
Dowan says, "My weaknesses are her strengths!"
You hit Duvessa.
Duvessa is lightly wounded.
Duvessa hits you with a +0 short sword.
You hit Duvessa.
Duvessa is lightly wounded.
Duvessa hits you with a +0 short sword.
You hit Duvessa but do no damage.
Duvessa is lightly wounded.
You hit Duvessa but do no damage. You punch Duvessa.
Duvessa is moderately wounded.
Duvessa barely misses you.
You hit Duvessa but do no damage.
Duvessa is moderately wounded.
Duvessa says, "My weaknesses are his strengths!"
Duvessa misses you. Dowan casts a spell at you. The puff of frost hits you!
* * * LOW HITPOINT WARNING * * *
You hit Duvessa but do no damage.
Duvessa is moderately wounded.
Duvessa hits you with a +0 short sword!
You die...

##......##..........
##........#.....#..#.
#...........[.......[
#..................#.
#..................#.
#....>.e........#..#.
#...........#.###..#.
##.........##.# #..#.
#...@.[....##.###..#.
#..e..$........##....
#..........##........
#..........##.##.#...
#..........##.##.....
##........###.##...#.
##......## #.##..##.
######## ##.##..#..
#..##..#..


You could see Duvessa and Dowan.

Vanquished Creatures
  Sigmund (D:4)
  Blork the orc (D:4)
  Natasha (thrice) (D:2)
  3 adders
  4 worms
  A dart slug (D:2)
  4 orcs
  6 ball pythons
  10 bats
  8 endoplasms
  3 giant cockroaches
  3 goblins
  9 hobgoblins
  5 jackals
  3 quokkas
  5 frilled lizards
  10 kobolds
  5 rats
84 creatures vanquished.

Notes
Turn   | Place    | Note
-------+----------+-------------------------------------------
     0 | D:1      | being54 the Spriggan Brigand began the quest for the Orb.
     0 | D:1      | Reached XP level 1. HP: 10/10 MP: 2/2
   256 | D:1      | Reached skill level 6 in Stealth
   501 | D:1      | Reached XP level 2. HP: 15/15 MP: 3/3
   704 | D:1      | You fall into a shaft and drop 1 floor!
   962 | D:1      | Found a faded altar of an unknown god.
  1015 | D:1      | Reached XP level 3. HP: 17/18 MP: 4/4
  1020 | D:1      | Reached skill level 7 in Stealth
  1526 | D:2      | Noticed Natasha
  1529 | D:2      | Killed Natasha
  1543 | D:2      | Reached XP level 4. HP: 19/23 MP: 5/5
  1720 | D:2      | Found Sodoo's Distillery.
  1862 | D:2      | Noticed Natasha
  1890 | D:2      | Killed Natasha
  1891 | D:2      | Reached skill level 8 in Stealth
  2260 | D:2      | Found Exume's Book Boutique.
  2480 | D:2      | Noticed Natasha
  2492 | D:2      | Killed Natasha
  2493 | D:2      | Reached XP level 5. HP: 14/26 MP: 6/6
  2686 | D:2      | Found Zerphea's Book Boutique.
  2778 | D:2      | Found Utoygeim's Assorted Antiques.
  3219 | D:3      | Identified the +3 ring mail "Ryhoistru" {rN+}
  3531 | D:3      | Found an ancient bone altar of Kikubaaqudgha.
  3912 | D:4      | Noticed Sigmund
  3912 | D:4      | Noticed Blork the orc
  3915 | D:4      | Killed Blork the orc
  3916 | D:4      | Reached skill level 9 in Stealth
  3916 | D:4      | Reached XP level 6. HP: 30/30 MP: 7/7
  3989 | D:4      | Noticed Dowan
  4026 | D:4      | Killed Sigmund
  4027 | D:4      | Reached skill level 10 in Stealth
  4269 | D:4      | Found a broken altar of Ashenzari.
  4302 | D:4      | Noticed Duvessa
  4649 | D:4      | Slain by Duvessa

Illustrated notes

Levels and vault maps discovered:
D:1:      dpeg_arrival_concentric_ovals, layout_basic,
          chequers_ecumenical_altar_simple_redux
D:2:      minmay_angry_zag, layout_loops_ring, serial_shops,
          nicolae_shop_hallway_plus, nicolae_shop_advertising_works
          [nicolae_subvault_shop_adworks], shop, nicolae_shop_waterfront,
          uniq_natasha
D:3:      layout_rooms, mainiacjoe_overflow_surrounded_room
D:4:      layout_rooms, general_overflow_altar, uniq_sigmund, uniq_duvessa,
          uniq_blork_the_orc

Skill      XL: |  1  2  3  4  5  6 |
---------------+-------------------+-----
Stealth        | 6 7 8 9 10 | 10.1
Dodging        | 2 3 |  3.3
Short Blades   | 3 4 |  4.1
Fighting       | 2 |  2.3
Throwing       | |  2.2

Action                   |  1- 3 |  4- 6 || total
-------------------------+-------+-------++-------
Melee: Dagger            |    86 |   202 ||   288
       Punch             |       |     5 ||     5
Throw: Dart              |       |    10 ||    10
  Use: Scroll            |     6 |       ||     6
 Stab: Sleeping          |    12 |    14 ||    26
       Distracted        |       |     1 ||     1
Armor: Robe              |    12 |    18 ||    30
Dodge: Dodged            |    78 |   117 ||   195

Table legend: (Time is in decaauts)
 A = Elapsed time spent in this place.
 B = Non-inter-level travel time spent in this place.
 C = Inter-level travel time spent in this place.
 D = Time resting spent in this place.
 E = Time spent auto-exploring this place.
 F = Levels seen in this place.
 G = Mean time per level.
                   A        B        C        D        E       F      G
               +--------+--------+--------+--------+--------+-----+--------+
         Total |   3676 |   3567 |    109 |   1320 |   1637 |   4 |  919.0 |
       Dungeon |   3676 |   3567 |    109 |   1320 |   1637 |   4 |  919.0 |
               +--------+--------+--------+--------+--------+-----+--------+

Top non-repeatable levels by time:
     D:1: 1135 daAuts
     D:2: 1063 daAuts
     D:3: 942 daAuts
     D:4: 534 daAuts
